Workbook
Name \0: #REF!
Name \a: [1]PJ!#REF!
Name \L: #REF!
Name \P: #REF!
Name \PX: [2]!ERR
Name \s: #REF!
Name \X: [3]!ERR
Name \Z: [3]!ERR
Name _: #REF!
Name _____________________________________________________FS01: [0]!ERR
Name ___________________________________________________FS01: [0]!ERR
Name _________________________________________________FS01: [0]!ERR
Name _______________________________________________FS01: [0]!ERR
Name _____________________________________________FS01: [0]!ERR
Name ___________________________________________FS01: [0]!ERR
Name _________________________________________FS01: [0]!ERR
Name _______________________________________FS01: [0]!ERR
Name _____________________________________FS01: [0]!ERR
Name ___________________________________FS01: [0]!ERR
Name _________________________________FS01: [0]!ERR
Name ________________________________PJ50: #REF!
Name _______________________________FS01: [0]!ERR
Name _______________________________PJ50: #REF!
Name ______________________________APU221: #REF!
Name ______________________________PJ50: #REF!
Name ______________________________pj51: #REF!
Name _____________________________APU221: #REF!
Name _____________________________FS01: [0]!ERR
Name _____________________________pj51: #REF!
Name ____________________________APU221: #REF!
Name ____________________________FS01: [0]!ERR
Name ____________________________PJ50: #REF!
Name ____________________________pj51: #REF!
Name ____________________________rc: #REF!
Name ___________________________PJ50: #REF!
Name ___________________________rc: #REF!
Name __________________________APU221: #REF!
Name __________________________FS01: [0]!ERR
Name __________________________PJ50: #REF!
Name __________________________pj51: #REF!
Name __________________________rc: #REF!
Name _________________________APU221: #REF!
Name _________________________FS01: [0]!ERR
Name _________________________PJ50: #REF!
Name _________________________pj51: #REF!
Name _________________________rc: #REF!
Name ________________________APU221: #REF!
Name ________________________PJ50: #REF!
Name ________________________pj51: #REF!
Name ________________________rc: #REF!
Name _______________________APU221: #REF!
Name _______________________FS01: [0]!ERR
Name _______________________PJ50: #REF!
Name _______________________pj51: #REF!
Name _______________________rc: #REF!
Name ______________________APU221: #REF!
Name ______________________FS01: [4]!ERR
Name ______________________i1: #REF!
Name ______________________PJ50: #REF!
Name ______________________pj51: #REF!

Sheet PRESUPUESTO
A1: PRESUPUESTO MODELO INTERVENCIONES PARA CENTROS Y PUESTOS DE SALUD Ministerio de Salud y Protección Social Subdirección de Infraestructura en Salud
A3: PROYECTO: | C3: ADECUACION DEL CENTRO DE SALUD SIMON BOLIVAR - MUNICIPIO DE FUNDACION, MAGDALENA
A5: PRESUPUESTO
A6: N° | B6: Código | C6: Descripción | D6: Unidad | E6: Cantidad | F6: Vr.Unitario | G6: Vr.Total
B7: APU. SISPAC
A9: 1 | C9: ACTIVIDES PRELIMINARES | G9: =+SUM(G10:G17) -> 19643564
A10: 1,1 | B10: 010507. Modelo | C10: Desmonte cubiertas asbesto cemento | D10: M2 | E10: 147.89 | F10: ='1. ACTIVIDADES PRELIMINARES'!H30 -> 44291.5 | G10: =E10*F10 -> 6550269.9
A11: 1,2 | B11: 010501 | C11: Desmonte aparatos sanitarios | D11: UN | E11: =E31+E32 -> 4 | F11: ='1. ACTIVIDADES PRELIMINARES'!H69 -> 38891.5 | G11: =E11*F11 -> 155566
A12: 1,3 | B12: 010503 | C12: Desmonte marcos y puertas con transporte | D12: M2 | E12: =E60 -> 10 | F12: ='1. ACTIVIDADES PRELIMINARES'!H108 -> 24774.9 | G12: =E12*F12 -> 247749
A13: 1,4 | B13: APU | C13: Desmonte Correas en Madera | D13: ML | E13: =E42+50 -> 180.84 | F13: ='1. ACTIVIDADES PRELIMINARES'!H147 -> 6467.2675 | G13: =E13*F13 -> 1169540.7
A14: 1,5 | B14: APU | C14: Demolición placa de contrapiso (.10 cms espesor) y piso existente, (incluye retiro) | D14: M2 | E14: =E22+E20 -> 239.58 | F14: ='1. ACTIVIDADES PRELIMINARES'!H186 -> 36866.5 | G14: =E14*F14 -> 8832476.1
A15: 1,6 | B15: APU | C15: Desmonte tomacorrientes | D15: UN | E15: =E53 -> 4 | F15: ='1. ACTIVIDADES PRELIMINARES'!H225 -> 2562.159 | G15: =E15*F15 -> 10248.636
A16: 1,7 | B16: APU | C16: Desmonte lámparas de techo | D16: UN | E16: =E54+E55 -> 10 | F16: ='1. ACTIVIDADES PRELIMINARES'!H264 -> 7686.487 | G16: =E16*F16 -> 76864.87
A17: 1,8 | B17: APU | C17: Desmonte de cielo raso | D17: M2 | E17: =E46+E49 -> 112.51 | F17: ='1. ACTIVIDADES PRELIMINARES'!H303 -> 23116.6 | G17: =E17*F17 -> 2600848.7
A19: 2 | C19: PISOS Y ENCHAPES | G19: =+SUM(G20:G24) -> 44177223
A20: 2.1 | B20: 081001 | C20: Suministro e instalación de Baldosa de granito tipo alfa o similar (30*30 / 33x33 cm) incluye destronque, pulida y brillado | D20: M2 | E20: 121.41 | F20: ='2. PISOS Y ENCHAPES'!H35 -> 159517.06 | G20: =E20*F20 -> 19366966
A21: 2.2 | B21: 080511 - 341003 | C21: Suministro e instalación Placa de contrapiso en concreto 2.500 psi e=0.8 m reforzada con malla de 4 mm | D21: M2 | E21: 118.17 | F21: ='2. PISOS Y ENCHAPES'!H76+11180.26 -> 78382.06 | G21: =E21*F21 -> 9262408
A22: 2.3 | B22: 083003 | C22: Suministro e instalación de baldosa vibroprensada 33 x 33, 30 x 30 en áreas de patio, terraza ( Tablón rojo ) | D22: M2 | E22: =E21 -> 118.17 | F22: ='2. PISOS Y ENCHAPES'!H117 -> 72041.74 | G22: =E22*F22 -> 8513172.4
A23: 2.4 | B23: 084015 | C23: Suministro e instalación guarda escoba recto en Baldosa de grano de mármol 30 o 33 x 7 cm. | D23: ML | E23: 132.7 | F23: ='2. PISOS Y ENCHAPES'!H156 -> 23730.98 | G23: =E23*F23 -> 3149101
A24: 2.5 | B24: 080511 | C24: Suministro e instalación Alistado de pisos e= 0.04 m, en mortero 1:4 | D24: M2 | E24: =E20 -> 121.41 | F24: ='2. PISOS Y ENCHAPES'!H195 -> 32003.75 | G24: =E24*F24 -> 3885575.3
A26: 3 | C26: INSTALACIONES HIDRAULICAS | G26: =+SUM(G27:G28) -> 2145360.5
A27: 3.1 | B27: APU | C27: Suministro e instalación barra de seguridad abatible para baño discapacitado en acero inoxidable 13 x 85 cm. | D27: UND | E27: 1 | F27: ='3. INSTALACIONES HIDRAULICAS'!H35 -> 395951.38 | G27: =E27*F27 -> 395951.38
A28: 3.2 | B28: Cod.583775 Homecenter | C28: Suministro e instalación tanque elevado 2.000 lts con conexión y distribución PVC de 1/2" y 1". Incluye todos los accesorios para su normal funcionamiento | D28: UND | E28: 1 | F28: ='3. INSTALACIONES HIDRAULICAS'!H76 -> 1749409.1 | G28: =E28*F28 -> 1749409.1
A30: 4 | C30: APARATOS SANITARIOS | G30: =+SUM(G31:G35) -> 4043096.5
A31: 4.1 | B31: 120509. Mod. | C31: Suministro e instalación Lavamanos de incrustar con grifería de mesa tipo push | D31: UND | E31: 2 | F31: ='4. APARATOS SANITARIOS'!H34 -> 477507.95 | G31: =E31*F31 -> 955015.9
A32: 4.2 | B32: 120509. Mod. | C32: Suministro e instalación sanitario bajo consumo | D32: UND | E32: 2 | F32: ='4. APARATOS SANITARIOS'!H74 -> 611407.95 | G32: =E32*F32 -> 1222815.9
A33: 4.3 | B33: APU | C33: Suministro e instalación Manto asfaltico de 3mm de espesor. | D33: M2 | E33: =8.5*1.8 -> 15.3 | F33: ='4. APARATOS SANITARIOS'!H113 -> 80047.32 | G33: =E33*F33 -> 1224724
A34: 4.4 | B34: APU | C34: Instalación de A/A tipo mini Split de 12.000 btu, incluye accesorios para su correcto funcionamiento. | D34: UND | E34: 2 | F34: ='4. APARATOS SANITARIOS'!H150 -> 213513.58 | G34: =E34*F34 -> 427027.16
A35: 4.5 | B35: APU | C35: Instalación de A/A tipo mini Split de 18.000 btu, incluye accesorios para su correcto funcionamiento. | D35: UND | E35: 1 | F35: ='4. APARATOS SANITARIOS'!H187 -> 213513.58 | G35: =E35*F35 -> 213513.58
A37: 5 | C37: MUROS Y ACABADOS | G37: =+SUM(G38:G39) -> 8902790.6
A38: 5.1 | B38: 200521 | C38: Vinilo interior, filos y dilataciones (tres manos) | D38: M2 | E38: 314.76 | F38: ='5. MUROS Y ACABADOS'!H31 -> 21279.228 | G38: =E38*F38 -> 6697849.6
A39: 5.2 | B39: 200511 Mod. | C39: vinilo exterior en fachada y área de patio a 3 manos, filos y dilataciones | D39: M2 | E39: 114.02 | F39: ='5. MUROS Y ACABADOS'!H71 -> 19338.195 | G39: =E39*F39 -> 2204941
A41: 6 | C41: CUBIERTA | G41: =+SUM(G42:G49) -> 62682419
A42: 6.1 | B42: APU | C42: Suministro e instalación correa metálica en perfil estructural PHR-C 120 x 60 x 2 mm, con anticorrosivo, | D42: ML | E42: 130.84 | F42: ='6. CUBIERTA'!H41 -> 55021.3 | G42: =E42*F42 -> 7198986.8
A43: 6.2 | B43: APU | C43: Suministro e instalación Platina 0.10*0.10 m en lamina HR 1/8" con anclajes de 1/4''. | D43: UND | E43: 6 | F43: ='6. CUBIERTA'!H84 -> 56662.777 | G43: =E43*F43 -> 339976.66
A44: 6.3 | B44: Cod.302961 Homecenter | C44: Suministro e instalación Cubierta tipo sándwich 12 x 1m x 18mm - Lamina galvanizada cal. 28 blanco hueso, poliuretano expandido de densidad 38 kg/m3 | D44: M2 | E44: =E10 -> 147.89 | F44: ='6. CUBIERTA'!H124 -> 261189.95 | G44: =E44*F44 -> 38627381
A45: 6.4 | B45: Cod.234514 Homecenter | C45: Caballete Blanco UPVC 0,60 x 0,94mt x 2mm | D45: ML | E45: 14.5 | F45: ='6. CUBIERTA'!H162 -> 55072.211 | G45: =E45*F45 -> 798547.07
A46: 6.5 | B46: 070507 - 200521 | C46: Suministro e instalación Cielo raso dry-wall plano con lámina gyplac RH antihumedad de 1/2" o 12.7mm o similar, pintado con 3 manos vinilo supe lavable contra alto desgaste | D46: M2 | E46: 99.33 | F46: ='6. CUBIERTA'!H205 -> 114250.13 | G46: =E46*F46 -> 11348465
A47: 6.6 | B47: APU | C47: Suministro e instalación Canaleta 30 x 35 cms, en lamina galvanizada cal. 20 desarrollo 0.60 m. pintado con wash primer y esmalte. | D47: ML | E47: 17.21 | F47: ='6. CUBIERTA'!H249 -> 121924.01 | G47: =E47*F47 -> 2098312.2
A48: 6.7 | B48: APU | C48: Suministro e instalación Bajante A.LL. PVC 4" | D48: ML | E48: =2.8*4 -> 11.2 | F48: ='6. CUBIERTA'!H289 -> 55887.891 | G48: =E48*F48 -> 625944.38
A49: 6.8 | B49: 070509 - 200521 | C49: Suministro e instalación de cielo raso en lamina superboard 6 mm con junta incluye perfilaría y pintura | D49: M2 | E49: 13.18 | F49: ='6. CUBIERTA'!H332 -> 124795.58 | G49: =E49*F49 -> 1644805.8
A51: 7 | C51: INSTALACIONES ELECTRICAS | G51: =SUM(G52:G56) -> 2273792.8
A52: 7.1 | B52: APU | C52: Suministro e instalación Interruptor | D52: UND | E52: 6 | F52: ='7. INSTALACIONES ELECTRICAS'!H32 -> 28526.2 | G52: =E52*F52 -> 171157.2
A53: 7.2 | B53: APU | C53: Suministro e instalación Tomacorriente doble 123v-15a con polo tierra | D53: UND | E53: 4 | F53: ='7. INSTALACIONES ELECTRICAS'!H70 -> 31526.2 | G53: =E53*F53 -> 126104.8
A54: 7.3 | B54: Cod.673756 Homecenter | C54: Suministro e instalación Luminaria tipo panel led 60x60 cm, 110 V. 40w,Incluye: cable encauchetado 3x16 AWG, clavija de caucho y elementos de fijación | D54: UND | E54: 5 | F54: ='7. INSTALACIONES ELECTRICAS'!H109 -> 207378.33 | G54: =E54*F54 -> 1036891.7
A55: 7.4 | B55: Cod.630496 Homecenter | C55: Suministro e instalación Modulo LED redondo 24W, 110 V de incrustar. Incluye: cable encauchetado 3x16 AWG, clavija de caucho y elementos de fijac | D55: UND | E55: 5 | F55: ='7. INSTALACIONES ELECTRICAS'!H148 -> 71239.09 | G55: =E55*F55 -> 356195.45
A56: 7.5 | B56: 111005 | C56: Punto A/A tipo mini Split de 12.000 y 18.000 btu. | D56: UND | E56: 3 | F56: ='7. INSTALACIONES ELECTRICAS'!H192 -> 194481.24 | G56: =E56*F56 -> 583443.72
A58: 8 | C58: CARPINTERIA METALICA Y EN MADERA | G58: =+SUM(G59:G60) -> 5381852.8
A59: 8.1 | B59: 151033. Mod | C59: Suministro e instalación ventana aluminio corrediza con vidrio templado 5 mm. | D59: M2 | E59: 4 | F59: ='8. CARPINTERIA METALICA'!H31 -> 310505.69 | G59: =E59*F59 -> 1242022.7
A60: 8.2 | B60: APU | C60: Suministro e instalación puerta en aluminio con vidrio incoloro 4 mm. | D60: M2 | E60: 10 | F60: ='8. CARPINTERIA METALICA'!H68 -> 413983.01 | G60: =E60*F60 -> 4139830.1
A62: 9 | C62: ASEO GENERAL | G62: =SUM(G63) -> 1076634.8
A63: 9.1 | B63: APU | C63: Aseo general entrega final | D63: M2 | E63: 276.83 | F63: ='9. ASEO GENERAL'!H31 -> 3889.155 | G63: =E63*F63 -> 1076634.8
A65: 10 | C65: EQUIPOS FIJOS DE USO HOSPITALARIO | G65: =SUM(G66:G67) -> 8549700
A66: 10.1 | B66: Cod.631316, Homecenter | C66: Suministro de equipo Aire Mini Split inverter consola de pared R410a, 12000 Btu/Hr, Monofásica 220/2/60. incluye: ( Unidad Interna y condensadora del mismo fabricante Bases Antivibratorias en neopreno, Suministro, Izada, Instalación y Pruebas ) | D66: UND | E66: 2 | F66: 2549900 | G66: =E66*F66 -> 5099800
A67: 10.2 | B67: Cod.631313, Homecenter | C67: Suministro de equipo Aire Mini Split inverter consola de pared R410a, 18000 Btu/Hr, Monofásica 220/2/60. incluye: ( Unidad Interna y condensadora del mismo fabricante Bases Antivibratorias en neopreno, Suministro, Izada, Instalación y Pruebas ) | D67: UND | E67: 1 | F67: 3449900 | G67: =E67*F67 -> 3449900
A69: TOTAL EQUIPOS SIN IVA | G69: =G65 -> 8549700
A70: IVA DEL 19% | G70: =G69*19/100 -> 1624443
A71: ADMINISTRACION 10% | G71: =G69*10/100 -> 854970
A72: COSTO TOTAL EQUIPOS | G72: =G69+G70+G71 -> 11029113
A74: TOTAL COSTO DIRECTO | G74: =G62+G58+G51+G41+G37+G30+G26+G19+G9 -> 1.5032673e+08
A76: ADMINISTRACION | F76: 0.23 | G76: =G74*23/100 -> 34575149
A77: IMPREVISTOS | F77: 0.02 | G77: =G74*2/100 -> 3006534.7
A78: UTILIDAD | F78: 0.05 | G78: =G74*5/100 -> 7516336.7
A79: A.I.U | F79: 0.3
A80: TOTAL COSTOS INDIRECTOS | G80: =G76+G77+G78 -> 45098020
A82: TOTAL COSTO DIRECTO + COSTO INDIRECTO | G82: =G74+G80+G72 -> 2.0645387e+08
A83: INTERVENTORIA | F83: 0.07 | G83: =SUM(G74+G65)*7% -> 11121350
A85: COSTO TOTAL DEL PROYECYO | G85: =SUM(G83+G82) -> 2.1757522e+08
A87: SON: DOSCIENTOS DIECISIETE MILLONES QUINIENTOS SETENTA Y CINCO MIL DOSCIENTOS DIECIOCHO PESOS
B91: Elaboró:___________________________ | D91: Revisó
B92: Arquitecto | D92: Nombre: | E92: Arq. MILCO ECHEVERRIA TETE
B93: ROSEMBERG GARRIDO NUÑEZ | D93: No. T.P. | E93: 08700-53657 Atlántico
B94: No. T.P. A08102005-72247856 | D94: Firma: | E94: Arq. Secretaria Seccional de Salud
B95: C.C 72.247.856

Sheet 1. ACTIVIDADES PRELIMINARES
B2: ANÁLISIS DE PRECIOS UNITARIOS
B3: 09 DE Noviembre 2024 | D3: PROYECTO: ADECUACION DEL CENTRO DE SALUD DE SIMON BOLIVAR MUNICIPIO DE FUNDACION, MAGDALENA
B4: Codigo de Ref. Sispac 010507 | D4: Ciudad | F4: Fundacion
D5: Departamento | F5: Magdalena | G5: Año | H5: 2024
B6: Desmonte cubiertas asbesto cemento
B8: Unidad : | C8: M2 | G8: Código: | H8: 2.1
B9: I EQUIPO
B10: Descripción | D10: Unidad | E10: Cantidad | F10: D. % | G10: Valor | H10: Valor Parcial
H11: =+ROUND(F11*G11,2) -> 0
B13: Sub-Total | H13: =ROUND(SUM(H11:H12),2) -> 0
B14: II MATERIALES
B15: Descripción | D15: Unidad | E15: Cantidad | F15: D. % | G15: Valor | H15: Valor Parcial
H16: =+ROUND(E16*F16*G16,2) -> 0
B18: Sub-Total | H18: =ROUND(SUM(H16:H17),2) -> 0
B19: III TRANSPORTE
B20: Descripción | D20: Unidad | E20: Cantidad | F20: D. % | G20: Valor | H20: Valor Parcial
B21: Volqueta 5.5 m3 viaje | D21: Vj | E21: 0.1 | F21: 0 | G21: 90000 | H21: =E21*G21 -> 9000
B23: Sub-Total | H23: =H21+H22 -> 9000
B24: IV MANO DE OBRA
B25: Descripción | D25: Unidad | E25: Cantidad | F25: D. % | G25: Valor | H25: Valor parcial
B26: Cuadrilla oficial ayudante tipo aa | D26: hh | E26: 1 | F26: 0 | G26: 35291.5 | H26: =G26*E26 -> 35291.5
H27: =+ROUND(E27*F27*G27,2) -> 0
B28: Sub-Total | H28: =H26+H27 -> 35291.5
G30: TOTAL COSTO DIRECTO | H30: =H23+H28+H18+H13 -> 44291.5
B32: ARQUITECTO
B33: ROSEMBERG GARRIDO NUÑEZ
B34: No. T.P. A08102005-72247856
B35: C.C 72.247.856
B38: ANÁLISIS DE PRECIOS UNITARIOS
B39: 09 DE Noviembre 2024 | D39: PROYECTO: ADECUACION DEL CENTRO DE SALUD DE SIMON BOLIVAR MUNICIPIO DE FUNDACION, MAGDALENA
B40: Codigo de Ref. Sispac 010501 | D40: Ciudad | F40: Fundacion
D41: Departamento | F41: Magdalena | G41: Año | H41: 2024
B42: Desmonte aparatos sanitarios
B44: Unidad : | C44: UN | G44: Código: | H44: 1.2
B45: I EQUIPO
B46: Descripción | D46: Unidad | E46: Cantidad | F46: D. % | G46: Valor | H46: Valor Parcial
H47: =+ROUND(F47*G47,2) -> 0
H48: =+ROUND(F48*G48,2) -> 0
B50: Sub-Total | H50: =ROUND(SUM(H47:H49),2) -> 0
B51: II MATERIALES
B52: Descripción | D52: Unidad | E52: Cantidad | F52: D. % | G52: Valor | H52: Valor Parcial
H53: =+ROUND(E53*F53*G53,2) -> 0
B56: Sub-Total | H56: =ROUND(SUM(H53:H55),2) -> 0
B57: III TRANSPORTE
B58: Descripción | D58: Unidad | E58: Cantidad | F58: D. % | G58: Valor | H58: Valor Parcial
B59: Volqueta 5.5 m3 viaje | D59: Vj | E59: 0.04 | F59: 0 | G59: 90000 | H59: =E59*G59 -> 3600
B62: Sub-Total | H62: =H59+H60+H61 -> 3600
B63: IV MANO DE OBRA
B64: Descripción | D64: Unidad | E64: Cantidad | F64: D. % | G64: Valor | H64: Valor parcial
B65: Cuadrilla oficial ayudante tipo aa | D65: hh | E65: 1 | F65: 0 | G65: 35291.5 | H65: =G65*E65 -> 35291.5
H66: =+ROUND(E66*F66*G66,2) -> 0
B67: Sub-Total | H67: =H65+H66 -> 35291.5
G69: TOTAL COSTO DIRECTO | H69: =H62+H67+H56+H50 -> 38891.5
B71: ARQUITECTO
B72: ROSEMBERG GARRIDO NUÑEZ
B73: No. T.P. A08102005-72247856
B74: C.C 72.247.856
B77: ANÁLISIS DE PRECIOS UNITARIOS
B78: 09 DE Noviembre 2024 | D78: PROYECTO: ADECUACION DEL CENTRO DE SALUD DE SIMON BOLIVAR MUNICIPIO DE FUNDACION, MAGDALENA
B79: Codigo de Ref. Sispac 010503 | D79: Ciudad | F79: Fundacion
D80: Departamento | F80: Magdalena | G80: Año | H80: 2024
B81: Desmonte marcos y puertas con transporte
B83: Unidad : | C83: UN | G83: Código: | H83: 1.3
B84: I EQUIPO
B85: Descripción | D85: Unidad | E85: Cantidad | F85: D. % | G85: Valor | H85: Valor Parcial
H86: =+ROUND(F86*G86,2) -> 0
H87: =+ROUND(F87*G87,2) -> 0
B89: Sub-Total | H89: =ROUND(SUM(H86:H88),2) -> 0
B90: II MATERIALES
B91: Descripción | D91: Unidad | E91: Cantidad | F91: D. % | G91: Valor | H91: Valor Parcial
H92: =+ROUND(E92*F92*G92,2) -> 0
B95: Sub-Total | H95: =ROUND(SUM(H92:H94),2) -> 0
B96: III TRANSPORTE
B97: Descripción | D97: Unidad | E97: Cantidad | F97: D. % | G97: Valor | H97: Valor Parcial
B98: Volqueta 5.5 m3 viaje | D98: Vj | E98: 0.04 | F98: 0 | G98: 90000 | H98: =E98*G98 -> 3600
B101: Sub-Total | H101: =H98+H99+H100 -> 3600
B102: IV MANO DE OBRA
B103: Descripción | D103: Unidad | E103: Cantidad | F103: D. % | G103: Valor | H103: Valor parcial
B104: Cuadrilla oficial ayudante tipo aa | D104: hh | E104: 0.6 | F104: 0 | G104: 35291.5 | H104: =G104*E104 -> 21174.9
H105: =+ROUND(E105*F105*G105,2) -> 0
B106: Sub-Total | H106: =H104+H105 -> 21174.9
G108: TOTAL COSTO DIRECTO | H108: =H101+H106+H95+H89 -> 24774.9
B110: ARQUITECTO
B111: ROSEMBERG GARRIDO NUÑEZ
B112: No. T.P. A08102005-72247856
B113: C.C 72.247.856
B116: ANÁLISIS DE PRECIOS UNITARIOS
B117: 09 DE Noviembre 2024 | D117: PROYECTO: ADECUACION DEL CENTRO DE SALUD DE SIMON BOLIVAR MUNICIPIO DE FUNDACION, MAGDALENA
B118: APU | D118: Ciudad | F118: Fundacion
D119: Departamento | F119: Magdalena | G119: Año | H119: 2024
B120: Desmonte Correas en Madera
B122: Unidad : | C122: ML | G122: Código: | H122: 1.04
B123: I EQUIPO
B124: Descripción | D124: Unidad | E124: Cantidad | F124: D. % | G124: Valor | H124: Valor Parcial
H125: =+ROUND(F125*G125,2) -> 0
H126: =+ROUND(F126*G126,2) -> 0
B128: Sub-Total | H128: =ROUND(SUM(H125:H127),2) -> 0
B129: II MATERIALES
B130: Descripción | D130: Unidad | E130: Cantidad | F130: D. % | G130: Valor | H130: Valor Parcial
H131: =+ROUND(E131*F131*G131,2) -> 0
...

Sheet 2. PISOS Y ENCHAPES
B2: ANÁLISIS DE PRECIOS UNITARIOS
B3: 09 DE Noviembre 2024 | D3: PROYECTO: ADECUACION DEL CENTRO DE SALUD DE SIMON BOLIVAR MUNICIPIO DE FUNDACION, MAGDALENA
B4: Codigo de Ref. Sispac 081001 | D4: Ciudad | F4: Fundacion
D5: Departamento | F5: Magdalena | G5: Año | H5: 2024
B6: Suministro e instalacion de Baldosa de granito tipo alfa o similar (30*30 / 33x33 cm) incluye destronque, pulida y brillado
B8: Unidad : | C8: M2 | G8: Código: | H8: 2.1
B9: I EQUIPO
B10: Descripción | D10: Unidad | E10: Cantidad | F10: D. % | G10: Valor | H10: Valor Parcial
B11: Mezcladora con operador 9 p3 | D11: di | H11: =E11*G11 -> 0
H12: =+ROUND(F12*G12,2) -> 0
B14: Sub-Total | H14: =ROUND(SUM(H11:H13),2) -> 0
B15: II MATERIALES
B16: Descripción | D16: Unidad | E16: Cantidad | F16: D. % | G16: Valor | H16: Valor Parcial
B17: Baldosa granito blanco | D17: m2 | E17: 1000 | F17: 5 | G17: 68700 | H17: 72135
B18: Arena | D18: m3 | E18: 0.05 | F18: 5 | G18: 147560 | H18: =G18*E18 -> 7378
B19: Cemento blanco | D19: kg | E19: 3 | F19: 5 | G19: 1771.35 | H19: =G19*E19 -> 5314.05
B20: Mortero 1:6 | D20: m3 | E20: 0.03 | F20: 5 | G20: 372177 | H20: =G20*E20 -> 11165.31
B22: Sub-Total | H22: =ROUND(SUM(H17:H21),2) -> 95992.36
B23: III TRANSPORTE
B24: Descripción | D24: Unidad | E24: Cantidad | F24: D. % | G24: Valor | H24: Valor Parcial
B25: Volqueta 5.5 m3 viaje | D25: Vj | F25: 0 | H25: =E25*G25 -> 0
B28: Sub-Total | H28: =H25+H26+H27 -> 0
B29: IV MANO DE OBRA
B30: Descripción | D30: Unidad | E30: Cantidad | F30: D. % | G30: Valor | H30: Valor parcial
B31: Cuadrilla oficial ayudante tipo aa | D31: hh | E31: 1.8 | F31: 0 | G31: 35291.5 | H31: =G31*E31 -> 63524.7
H32: =+ROUND(E32*F32*G32,2) -> 0
B33: Sub-Total | H33: =H31+H32 -> 63524.7
G35: TOTAL COSTO DIRECTO | H35: =H28+H33+H22+H14 -> 159517.06
B37: ARQUITECTO
B38: ROSEMBERG GARRIDO NUÑEZ
B39: No. T.P. A08102005-72247856
B40: C.C 72.247.856
B43: ANÁLISIS DE PRECIOS UNITARIOS
B44: 09 DE Noviembre 2024 | D44: PROYECTO: ADECUACION DEL CENTRO DE SALUD DE SIMON BOLIVAR MUNICIPIO DE FUNDACION, MAGDALENA
B45: Codigo de Ref. Sispac 080511-341003 | D45: Ciudad | F45: Fundacion
D46: Departamento | F46: Magdalena | G46: Año | H46: 2024
B47: Suministro e instalacion Placa de contrapiso en concreto 2.500 psi e=0.8 m reforzada con malla de 4 mm
B49: Unidad : | C49: M2 | G49: Código: | H49: 2.2
B50: I EQUIPO
B51: Descripción | D51: Unidad | E51: Cantidad | F51: D. % | G51: Valor | H51: Valor Parcial
B52: Mezcladora con operador 9 p3 | D52: di | E52: 0.06 | F52: 5 | G52: 82600 | H52: =E52*G52 -> 4956
H53: =+ROUND(F53*G53,2) -> 0
B55: Sub-Total | H55: =ROUND(SUM(H52:H54),2) -> 4956
B56: II MATERIALES
B57: Descripción | D57: Unidad | E57: Cantidad | F57: D. % | G57: Valor | H57: Valor Parcial
B58: Concreto 2.500 | D58: m3 | E58: 0.1 | F58: 5 | G58: 401289.96 | H58: =G58*E58 -> 40128.996
B59: Agua | D59: lt | E59: 5 | F59: 5 | G59: 6.67 | H59: =G59*E59 -> 33.35
B60: Pegacor blanco | D60: kg | E60: 6 | F60: 5 | G60: 1916 | H60: =G60*E60 -> 11496
H61: =G61*E61 -> 0
B63: Sub-Total | H63: =ROUND(SUM(H58:H62),2) -> 51658.35
B64: III TRANSPORTE
B65: Descripción | D65: Unidad | E65: Cantidad | F65: D. % | G65: Valor | H65: Valor Parcial
B66: Volqueta 5.5 m3 viaje | D66: Vj | F66: 0 | H66: =E66*G66 -> 0
B69: Sub-Total | H69: =H66+H67+H68 -> 0
B70: IV MANO DE OBRA
B71: Descripción | D71: Unidad | E71: Cantidad | F71: D. % | G71: Valor | H71: Valor parcial
B72: Cuadrilla oficial ayudante tipo aa | D72: hh | E72: 0.3 | F72: 0 | G72: 35291.5 | H72: =G72*E72 -> 10587.45
H73: =+ROUND(E73*F73*G73,2) -> 0
B74: Sub-Total | H74: =H72+H73 -> 10587.45
G76: TOTAL COSTO DIRECTO | H76: =H69+H74+H63+H55 -> 67201.8
B78: ARQUITECTO
B79: ROSEMBERG GARRIDO NUÑEZ
B80: No. T.P. A08102005-72247856
B81: C.C 72.247.856
B84: ANÁLISIS DE PRECIOS UNITARIOS
B85: 09 DE Noviembre 2024 | D85: PROYECTO: ADECUACION DEL CENTRO DE SALUD DE SIMON BOLIVAR MUNICIPIO DE FUNDACION, MAGDALENA
B86: Codigo de Ref. Sispac 083003 | D86: Ciudad | F86: Fundacion
D87: Departamento | F87: Magdalena | G87: Año | H87: 2024
B88: Suministro e instalacion de baldosa vibroprensada 33 x 33, 30 x 30 en areas de patio, terraza ( Tablon rojo )
B90: Unidad : | C90: M2 | G90: Código: | H90: 2.3
B91: I EQUIPO
B92: Descripción | D92: Unidad | E92: Cantidad | F92: D. % | G92: Valor | H92: Valor Parcial
B93: Mezcladora con operador 9 p3 | D93: di | H93: =E93*G93 -> 0
H94: =+ROUND(F94*G94,2) -> 0
B96: Sub-Total | H96: =ROUND(SUM(H93:H95),2) -> 0
B97: II MATERIALES
B98: Descripción | D98: Unidad | E98: Cantidad | F98: D. % | G98: Valor | H98: Valor Parcial
B99: Tablon vitrificado | D99: m2 | E99: 1 | F99: 5 | G99: 32000 | H99: =G99*E99 -> 32000
B100: Arena | D100: m3 | E100: 0.05 | F100: 5 | G100: 147560 | H100: =G100*E100 -> 7378
B101: Colorante rojo | D101: kg | E101: 0.2 | F101: 5 | G101: 5869 | H101: =G101*E101 -> 1173.8
B102: Cemento gris | D102: kg | E102: 4 | F102: 5 | G102: 669.72 | H102: =G102*E102 -> 2678.88
B103: Mortero 1:6 | D103: m3 | E103: 0.03 | F103: 5 | G103: 372177 | H103: =G103*E103 -> 11165.31
B104: Sub-Total | H104: =ROUND(SUM(H99:H103),2) -> 54395.99
B105: III TRANSPORTE
B106: Descripción | D106: Unidad | E106: Cantidad | F106: D. % | G106: Valor | H106: Valor Parcial
B107: Volqueta 5.5 m3 viaje | D107: Vj | F107: 0 | H107: =E107*G107 -> 0
B110: Sub-Total | H110: =H107+H108+H109 -> 0
B111: IV MANO DE OBRA
B112: Descripción | D112: Unidad | E112: Cantidad | F112: D. % | G112: Valor | H112: Valor parcial
B113: Cuadrilla oficial ayudante tipo aa | D113: hh | E113: 0.5 | F113: 0 | G113: 35291.5 | H113: =G113*E113 -> 17645.75
H114: =+ROUND(E114*F114*G114,2) -> 0
B115: Sub-Total | H115: =H113+H114 -> 17645.75
G117: TOTAL COSTO DIRECTO | H117: =H110+H115+H104+H96 -> 72041.74
B119: ARQUITECTO
B120: ROSEMBERG GARRIDO NUÑEZ
B121: No. T.P. A08102005-72247856
B122: C.C 72.247.856
B125: ANÁLISIS DE PRECIOS UNITARIOS
B126: 09 DE Noviembre 2024 | D126: PROYECTO: ADECUACION DEL CENTRO DE SALUD DE SIMON BOLIVAR MUNICIPIO DE FUNDACION, MAGDALENA
B127: Codigo de Ref. Sispac 084015 | D127: Ciudad | F127: Fundacion
...

Sheet 3. INSTALACIONES HIDRAULICAS
B2: ANÁLISIS DE PRECIOS UNITARIOS
B3: 09 DE Noviembre 2024 | D3: PROYECTO: ADECUACION DEL CENTRO DE SALUD DE SIMON BOLIVAR MUNICIPIO DE FUNDACION, MAGDALENA
B4: APU | D4: Ciudad | F4: Fundacion
D5: Departamento | F5: Magdalena | G5: Año | H5: 2024
B6: Suministro e instalacion barra de seguridad abatible para baño discapacitado en acero inoxidable 13 x 85 cm.
B8: Unidad : | C8: M2 | G8: Código: | H8: 3.1
B9: I EQUIPO
B10: Descripción | D10: Unidad | E10: Cantidad | F10: D. % | G10: Valor | H10: Valor Parcial
B11: Heramienta menores 10% M.O AA | D11: di | E11: 1 | F11: 10 | G11: 42986 | H11: =H31*10/100 -> 4298.58
H12: =+ROUND(F12*G12,2) -> 0
B14: Sub-Total | H14: =ROUND(SUM(H11:H13),2) -> 4298.58
B15: II MATERIALES
B16: Descripción | D16: Unidad | E16: Cantidad | F16: D. % | G16: Valor | H16: Valor Parcial
B17: Barra de sguridad | D17: ml | E17: 1 | G17: 348667 | H17: =E17*G17 -> 348667
H18: =E18*G18 -> 0
H19: =E19*G19 -> 0
H20: =E20*G20 -> 0
H21: =E21*G21 -> 0
B22: Sub-Total | H22: =ROUND(SUM(H17:H21),2) -> 348667
B23: III TRANSPORTE
B24: Descripción | D24: Unidad | E24: Cantidad | F24: D. % | G24: Valor | H24: Valor Parcial
B25: Volqueta 5.5 m3 viaje | D25: Vj | F25: 0 | H25: =E25*G25 -> 0
B28: Sub-Total | H28: =H25+H26+H27 -> 0
B29: IV MANO DE OBRA
B30: Descripción | D30: Unidad | E30: Cantidad | F30: D. % | G30: Valor | H30: Valor parcial
B31: Cuadrilla tipo aa | D31: hh | E31: 1.2 | F31: 0 | G31: 35821.5 | H31: =G31*E31 -> 42985.8
H32: =+ROUND(E32*F32*G32,2) -> 0
B33: Sub-Total | H33: =H31+H32 -> 42985.8
G35: TOTAL COSTO DIRECTO | H35: =H28+H33+H22+H14 -> 395951.38
B37: ARQUITECTO
B38: ROSEMBERG GARRIDO NUÑEZ
B39: No. T.P. A08102005-72247856
B40: C.C 72.247.856
B43: ANÁLISIS DE PRECIOS UNITARIOS
B44: 09 DE Noviembre 2024 | D44: PROYECTO: ADECUACION DEL CENTRO DE SALUD DE SIMON BOLIVAR MUNICIPIO DE FUNDACION, MAGDALENA
B45: Codigo de Ref. Homecenter 583775 | D45: Ciudad | F45: Fundacion
D46: Departamento | F46: Magdalena | G46: Año | H46: 2024
B47: Suministro e instalacion tanque elevado 2.000 lts con conexion y distribucion PVC de 1/2" y 1". Incluye todos los accesorios para su normal funcionamiento
B49: Unidad : | C49: M2 | G49: Código: | H49: 3.2
B50: I EQUIPO
B51: Descripción | D51: Unidad | E51: Cantidad | F51: D. % | G51: Valor | H51: Valor Parcial
B52: Heramienta menores 10% M.O AA | D52: di | E52: 1 | F52: 10 | G52: 42986 | H52: =H72*10/100 -> 8955.375
H53: =+ROUND(F53*G53,2) -> 0
B55: Sub-Total | H55: =ROUND(SUM(H52:H54),2) -> 8955.38
B56: II MATERIALES
B57: Descripción | D57: Unidad | E57: Cantidad | F57: D. % | G57: Valor | H57: Valor Parcial
B58: Tanque con flotador | D58: ml | E58: 1 | G58: 1641900 | H58: =E58*G58 -> 1641900
H59: =E59*G59 -> 0
H60: =E60*G60 -> 0
H61: =E61*G61 -> 0
H62: =E62*G62 -> 0
B63: Sub-Total | H63: =ROUND(SUM(H58:H62),2) -> 1641900
B64: III TRANSPORTE
B65: Descripción | D65: Unidad | E65: Cantidad | F65: D. % | G65: Valor | H65: Valor Parcial
B66: Volqueta 5.5 m3 viaje | D66: Vj | E66: 0.1 | F66: 0 | G66: 90000 | H66: =E66*G66 -> 9000
B69: Sub-Total | H69: =H66+H67+H68 -> 9000
B70: IV MANO DE OBRA
B71: Descripción | D71: Unidad | E71: Cantidad | F71: D. % | G71: Valor | H71: Valor parcial
B72: Cuadrilla tipo aa | D72: hh | E72: 2.5 | F72: 0 | G72: 35821.5 | H72: =G72*E72 -> 89553.75
H73: =+ROUND(E73*F73*G73,2) -> 0
B74: Sub-Total | H74: =H72+H73 -> 89553.75
G76: TOTAL COSTO DIRECTO | H76: =H69+H74+H63+H55 -> 1749409.1
B78: ARQUITECTO
B79: ROSEMBERG GARRIDO NUÑEZ
B80: No. T.P. A08102005-72247856
B81: C.C 72.247.856

Sheet 4. APARATOS SANITARIOS
B2: ANÁLISIS DE PRECIOS UNITARIOS
B3: 09 DE Noviembre 2024 | D3: PROYECTO: ADECUACION DEL CENTRO DE SALUD DE SIMON BOLIVAR MUNICIPIO DE FUNDACION, MAGDALENA
B4: Codigo de Ref. Sispac 120509 | D4: Ciudad | F4: Fundacion
D5: Departamento | F5: Magdalena | G5: Año | H5: 2024
B6: Suministro e instalacion Lavamanos de incrustar con grifería de mesa tipo push
B8: Unidad : | C8: UN | G8: Código: | H8: 4.1
B9: I EQUIPO
B10: Descripción | D10: Unidad | E10: Cantidad | F10: D. % | G10: Valor | H10: Valor Parcial
B11: Mezcladora con operador 9 p3 | D11: di | H11: =E11*G11 -> 0
H12: =+ROUND(F12*G12,2) -> 0
B14: Sub-Total | H14: =ROUND(SUM(H11:H13),2) -> 0
B15: II MATERIALES
B16: Descripción | D16: Unidad | E16: Cantidad | F16: D. % | G16: Valor | H16: Valor Parcial
B17: Lavamano | D17: un | E17: 1 | G17: 203000 | H17: =E17*G17 -> 203000
B18: Accesorios | D18: un | E18: 1 | G18: 29700 | H18: =E18*G18 -> 29700
B19: Cemento blanco | D19: kg | E19: 3 | G19: 1771.35 | H19: =E19*G19 -> 5314.05
B20: Manguerra sanitario | D20: un | E20: 1 | G20: 6300 | H20: =E20*G20 -> 6300
B21: Sub-Total | H21: =ROUND(SUM(H17:H20),2) -> 244314.05
B22: III TRANSPORTE
B23: Descripción | D23: Unidad | E23: Cantidad | F23: D. % | G23: Valor | H23: Valor Parcial
B24: Volqueta 5.5 m3 viaje | D24: Vj | E24: 0.003 | F24: 0 | G24: 90000 | H24: =E24*G24 -> 270
B27: Sub-Total | H27: =H24+H25+H26 -> 270
B28: IV MANO DE OBRA
B29: Descripción | D29: Unidad | E29: Cantidad | F29: D. % | G29: Valor | H29: Valor parcial
B30: Cuadrilla tipo bb | D30: hh | E30: 6 | F30: 0 | G30: 38820.65 | H30: =G30*E30 -> 232923.9
H31: =+ROUND(E31*F31*G31,2) -> 0
B32: Sub-Total | H32: =H30+H31 -> 232923.9
G34: TOTAL COSTO DIRECTO | H34: =H27+H32+H21+H14 -> 477507.95
B36: ARQUITECTO
B37: ROSEMBERG GARRIDO NUÑEZ
B38: No. T.P. A08102005-72247856
B39: C.C 72.247.856
B42: ANÁLISIS DE PRECIOS UNITARIOS
B43: 09 DE Noviembre 2024 | D43: PROYECTO: ADECUACION DEL CENTRO DE SALUD DE SIMON BOLIVAR MUNICIPIO DE FUNDACION, MAGDALENA
B44: Codigo de Ref. Sispac 120509 | D44: Ciudad | F44: Fundacion
D45: Departamento | F45: Magdalena | G45: Año | H45: 2024
B46: Suministro e instalacion sanitario bajo consumo
B48: Unidad : | C48: UN | G48: Código: | H48: 4.2
B49: I EQUIPO
B50: Descripción | D50: Unidad | E50: Cantidad | F50: D. % | G50: Valor | H50: Valor Parcial
B51: Mezcladora con operador 9 p3 | D51: di | H51: =E51*G51 -> 0
H52: =+ROUND(F52*G52,2) -> 0
B54: Sub-Total | H54: =ROUND(SUM(H51:H53),2) -> 0
B55: II MATERIALES
B56: Descripción | D56: Unidad | E56: Cantidad | F56: D. % | G56: Valor | H56: Valor Parcial
B57: Sanitario | D57: un | E57: 1 | G57: 336900 | H57: =E57*G57 -> 336900
B58: Accesorios | D58: un | E58: 1 | G58: 29700 | H58: =E58*G58 -> 29700
B59: Cemento blanco | D59: kg | E59: 3 | G59: 1771.35 | H59: =E59*G59 -> 5314.05
B60: Manguerra sanitario | D60: un | E60: 1 | G60: 6300 | H60: =E60*G60 -> 6300
B61: Sub-Total | H61: =ROUND(SUM(H57:H60),2) -> 378214.05
B62: III TRANSPORTE
B63: Descripción | D63: Unidad | E63: Cantidad | F63: D. % | G63: Valor | H63: Valor Parcial
B64: Volqueta 5.5 m3 viaje | D64: Vj | E64: 0.003 | F64: 0 | G64: 90000 | H64: =E64*G64 -> 270
B67: Sub-Total | H67: =H64+H65+H66 -> 270
B68: IV MANO DE OBRA
B69: Descripción | D69: Unidad | E69: Cantidad | F69: D. % | G69: Valor | H69: Valor parcial
B70: Cuadrilla tipo bb | D70: hh | E70: 6 | F70: 0 | G70: 38820.65 | H70: =G70*E70 -> 232923.9
H71: =+ROUND(E71*F71*G71,2) -> 0
B72: Sub-Total | H72: =H70+H71 -> 232923.9
G74: TOTAL COSTO DIRECTO | H74: =H67+H72+H61+H54 -> 611407.95
B76: ARQUITECTO
B77: ROSEMBERG GARRIDO NUÑEZ
B78: No. T.P. A08102005-72247856
B79: C.C 72.247.856
B82: ANÁLISIS DE PRECIOS UNITARIOS
B83: 09 DE Noviembre 2024 | D83: PROYECTO: ADECUACION DEL CENTRO DE SALUD DE SIMON BOLIVAR MUNICIPIO DE FUNDACION, MAGDALENA
B84: APU | D84: Ciudad | F84: Fundacion
D85: Departamento | F85: Magdalena | G85: Año | H85: 2024
B86: Suministro e instalación Manto asfaltico de 3mm de espesor.
B88: Unidad : | C88: M2 | G88: Código: | H88: 4.3
B89: I EQUIPO
B90: Descripción | D90: Unidad | E90: Cantidad | F90: D. % | G90: Valor | H90: Valor Parcial
B91: Herramienta menor 10% M.O B.B | D91: hr | E91: 0.339 | G91: =G109*10/100 -> 3882.065 | H91: =E91*G91 -> 1316.02
H92: =E92*G92 -> 0
B94: Sub-Total | H94: =ROUND(SUM(H91:H93),2) -> 1316.02
B95: II MATERIALES
B96: Descripción | D96: Unidad | E96: Cantidad | F96: D. % | G96: Valor | H96: Valor Parcial
B97: Lamina impermeabilizante de pvc | D97: m2 | E97: 1 | F97: 5 | G97: 54553 | H97: =E97*G97 -> 54553
B98: Geotextil no tejido compuesto de poliester fibras | D98: m2 | E98: 2.1 | F98: 5 | G98: 5161 | H98: =E98*G98 -> 10838.1
H99: =E99*G99 -> 0
B100: Sub-Total | H100: =ROUND(SUM(H97:H99),2) -> 65391.1
B101: III TRANSPORTE
B102: Descripción | D102: Unidad | E102: Cantidad | F102: D. % | G102: Valor | H102: Valor Parcial
B103: Volqueta 5.5 m3 viaje | D103: Vj | E103: 0.002 | F103: 0 | G103: 90000 | H103: =E103*G103 -> 180
B106: Sub-Total | H106: =H103+H104+H105 -> 180
B107: IV MANO DE OBRA
B108: Descripción | D108: Unidad | E108: Cantidad | F108: D. % | G108: Valor | H108: Valor parcial
B109: Cuadrilla tipo bb | D109: hh | E109: 0.339 | F109: 0 | G109: 38820.65 | H109: =G109*E109 -> 13160.2
H110: =+ROUND(E110*F110*G110,2) -> 0
B111: Sub-Total | H111: =H109+H110 -> 13160.2
G113: TOTAL COSTO DIRECTO | H113: =H106+H111+H100+H94 -> 80047.32
B115: ARQUITECTO
B116: ROSEMBERG GARRIDO NUÑEZ
B117: No. T.P. A08102005-72247856
B118: C.C 72.247.856
B121: ANÁLISIS DE PRECIOS UNITARIOS
B122: 09 DE Noviembre 2024 | D122: PROYECTO: ADECUACION DEL CENTRO DE SALUD DE SIMON BOLIVAR MUNICIPIO DE FUNDACION, MAGDALENA
B123: APU | D123: Ciudad | F123: Fundacion
D124: Departamento | F124: Magdalena | G124: Año | H124: 2024
B125: Instalacion de A/A tipo minisplit de 12.000 btu, incluye accesorios para su correcto funcionamiento.
...

Sheet 5. MUROS Y ACABADOS
B2: ANÁLISIS DE PRECIOS UNITARIOS
B3: 09 DE Noviembre 2024 | D3: PROYECTO: ADECUACION DEL CENTRO DE SALUD DE SIMON BOLIVAR MUNICIPIO DE FUNDACION, MAGDALENA
B4: Codigo de Ref. Sispac 200521 | D4: Ciudad | F4: Fundacion
D5: Departamento | F5: Magdalena | G5: Año | H5: 2024
B6: Vinilo interior,filos y dilataciones (tres manos)
B8: Unidad : | C8: M2 | G8: Código: | H8: 5.1
B9: I EQUIPO
B10: Descripción | D10: Unidad | E10: Cantidad | F10: D. % | G10: Valor | H10: Valor Parcial
B11: Mezcladora con operador 9 p3 | D11: di | H11: =E11*G11 -> 0
H12: =+ROUND(F12*G12,2) -> 0
B14: Sub-Total | H14: =ROUND(SUM(H11:H13),2) -> 0
B15: II MATERIALES
B16: Descripción | D16: Unidad | E16: Cantidad | F16: D. % | G16: Valor | H16: Valor Parcial
B17: Viniltex gl, | D17: Un | E17: 0.08 | F17: 5 | G17: 93900 | H17: =E17*G17 -> 7512
H18: =E18*G18 -> 0
B19: Sub-Total | H19: =ROUND(SUM(H17:H18),2) -> 7512
B20: III TRANSPORTE
B21: Descripción | D21: Unidad | E21: Cantidad | F21: D. % | G21: Valor | H21: Valor Parcial
B22: Volqueta 5.5 m3 viaje | D22: Vj | E22: 0.002 | F22: 0 | G22: 90000 | H22: =E22*G22 -> 180
B24: Sub-Total | H24: =H22+H23 -> 180
B25: IV MANO DE OBRA
B26: Descripción | D26: Unidad | E26: Cantidad | F26: D. % | G26: Valor | H26: Valor parcial
B27: Cuadrilla tipo cc acabdo | D27: hh | E27: 0.35 | F27: 0 | G27: 38820.65 | H27: =G27*E27 -> 13587.227
H28: =G28*E28 -> 0
B29: Sub-Total | H29: =H27+H28 -> 13587.227
G31: TOTAL COSTO DIRECTO | H31: =H24+H29+H19+H14 -> 21279.228
B33: ARQUITECTO
B34: ROSEMBERG GARRIDO NUÑEZ
B35: No. T.P. A08102005-72247856
B36: C.C 72.247.856
B39: ANÁLISIS DE PRECIOS UNITARIOS
B40: 09 DE Noviembre 2024 | D40: PROYECTO: ADECUACION DEL CENTRO DE SALUD DE SIMON BOLIVAR MUNICIPIO DE FUNDACION, MAGDALENA
B41: Codigo de Ref. Sispac 200511 ref. | D41: Ciudad | F41: Fundacion
D42: Departamento | F42: Magdalena | G42: Año | H42: 2024
B43: vinilo exterior en fachada y area de patio a 3 manos, filos y dilataciones
B45: Unidad : | C45: M2 | G45: Código: | H45: 5.2
B46: I EQUIPO
B47: Descripción | D47: Unidad | E47: Cantidad | F47: D. % | G47: Valor | H47: Valor Parcial
B48: Mezcladora con operador 9 p3 | D48: di | H48: =E48*G48 -> 0
H49: =+ROUND(F49*G49,2) -> 0
B51: Sub-Total | H51: =ROUND(SUM(H48:H50),2) -> 0
B52: II MATERIALES
B53: Descripción | D53: Unidad | E53: Cantidad | F53: D. % | G53: Valor | H53: Valor Parcial
B54: Viniltex gl, | D54: Un | E54: 0.08 | F54: 5 | G54: 93900 | H54: =E54*G54 -> 7512
B55: Agua de acueducto | D55: lt | F55: 5 | G55: 6.67 | H55: =E55*G55 -> 0
B56: Caolin 25 kg | D56: un | F56: 5 | G56: 28900 | H56: =E56*G56 -> 0
B57: Yeso 25 kg | D57: un | F57: 5 | G57: 47900 | H57: =E57*G57 -> 0
B58: Cemento gris | D58: und | F58: 5 | G58: 669.72 | H58: =E58*G58 -> 0
B59: Sub-Total | H59: =ROUND(SUM(H54:H58),2) -> 7512
B60: III TRANSPORTE
B61: Descripción | D61: Unidad | E61: Cantidad | F61: D. % | G61: Valor | H61: Valor Parcial
B62: Volqueta 5.5 m3 viaje | D62: Vj | E62: 0.002 | F62: 0 | G62: 90000 | H62: =E62*G62 -> 180
B64: Sub-Total | H64: =H62+H63 -> 180
B65: IV MANO DE OBRA
B66: Descripción | D66: Unidad | E66: Cantidad | F66: D. % | G66: Valor | H66: Valor parcial
B67: Cuadrilla tipo cc acabdo | D67: hh | E67: 0.3 | F67: 0 | G67: 38820.65 | H67: =G67*E67 -> 11646.195
H68: =G68*E68 -> 0
B69: Sub-Total | H69: =H67+H68 -> 11646.195
G71: TOTAL COSTO DIRECTO | H71: =H64+H69+H59+H51 -> 19338.195
B73: ARQUITECTO
B74: ROSEMBERG GARRIDO NUÑEZ
B75: No. T.P. A08102005-72247856
B76: C.C 72.247.856

Sheet 6. CUBIERTA
B2: ANÁLISIS DE PRECIOS UNITARIOS
B3: 09 DE Noviembre 2024 | D3: PROYECTO: ADECUACION DEL CENTRO DE SALUD DE SIMON BOLIVAR MUNICIPIO DE FUNDACION, MAGDALENA
B4: APU | D4: Ciudad | F4: Fundacion
D5: Departamento | F5: Magdalena | G5: Año | H5: 2024
B6: Suministro e instalacion Correa metalica en perfil estructural PHR-C 120 x 60 x 2 mm, con anticorrosivo,
B8: Unidad : | C8: M2 | G8: Código: | H8: 6.1
B9: I EQUIPO
B10: Descripción | D10: Unidad | E10: Cantidad | F10: D. % | G10: Valor | H10: Valor Parcial
B11: Andamio tubular stand. (inc. tijeras) | D11: hr | E11: 0.76 | G11: 195 | H11: =E11*G11 -> 148.2
B12: Equipo de pintura con compresor | D12: hr | E12: 0.048 | G12: 6934 | H12: =E12*G12 -> 332.832
B13: Equipo de soldadura Marca Linconl 600 A | D13: hr | E13: 0.015 | G13: 8248 | H13: =E13*G13 -> 123.72
B14: Herramienta menor 10% M.O. AA | D14: hr | E14: 0.1538 | G14: 2882 | H14: =E14*G14 -> 443.2516
B15: Herramienta menor 10% M.O. HH | D15: hr | E15: 0.1667 | G15: 5490 | H15: =E15*G15 -> 915.183
B16: Pulidora electrica manual sin disco 7" | D16: hr | E16: 0.009 | G16: 5192 | H16: =E16*G16 -> 46.728
B17: Tronzadora para disco 14" | D17: hr | E17: 0.005 | G17: 5950 | H17: =E17*G17 -> 29.75
B18: Sub-Total | H18: =ROUND(SUM(H11:H17),2) -> 2039.66
B19: II MATERIALES
B20: Descripción | D20: Unidad | E20: Cantidad | F20: D. % | G20: Valor | H20: Valor Parcial
B21: Anticorrosivo gris/blanco/rojo | D21: gl | E21: 0.022 | F21: 5 | G21: 74299 | H21: =E21*G21 -> 1634.578
B22: Disco corte/desbaste metal 7"x1/4" o similar | D22: un | E22: 0.0088 | F22: 5 | G22: 11737 | H22: =E22*G22 -> 103.2856
B23: Disco de corte 14" x 3/32" x 1" corte aceros | D23: un | E23: 0.004 | F23: 5 | G23: 13900 | H23: =E23*G23 -> 55.6
B24: Esmalte brillante tipo pintulux de Pintuco o similar | D24: gl | E24: 0.029 | F24: 5 | G24: 92525 | H24: =E24*G24 -> 2683.225
B25: Perfil estructural negro PHR en C 120 x 60 x 2.0 mm | D25: ml | E25: 1.02 | F25: 5 | G25: 32853 | H25: =E25*G25 -> 33510.06
B26: Soldadura electrosoldada 6013 de 1/8" | D26: kg | E26: 0.004 | F26: 5 | G26: 20079 | H26: =E26*G26 -> 80.316
B27: Thinner | D27: un | E27: 0.005 | F27: 5 | G27: 39850 | H27: =E27*G27 -> 199.25
B28: Sub-Total | H28: =ROUND(SUM(H21:H27),2) -> 38266.31
B29: III TRANSPORTE
B30: Descripción | D30: Unidad | E30: Cantidad | F30: D. % | G30: Valor | H30: Valor Parcial
B31: Volqueta 5.5 m3 viaje | D31: Vj | E31: 0.0015 | F31: 0 | G31: 90000 | H31: =E31*G31 -> 135
B34: Sub-Total | H34: =H31+H32+H33 -> 135
B35: IV MANO DE OBRA
B36: Descripción | D36: Unidad | E36: Cantidad | F36: D. % | G36: Valor | H36: Valor parcial
B37: Cuadrilla tipo aa | D37: hh | E37: 0.1538 | F37: 0 | G37: 35291.5 | H37: =G37*E37 -> 5427.8327
B38: cuadrilla tipo hh | D38: hh | E38: 0.1667 | G38: 54904 | H38: =G38*E38 -> 9152.4968
B39: Sub-Total | H39: =H37+H38 -> 14580.329
G41: TOTAL COSTO DIRECTO | H41: =H34+H39+H28+H18 -> 55021.3
B43: ARQUITECTO
B44: ROSEMBERG GARRIDO NUÑEZ
B45: No. T.P. A08102005-72247856
B46: C.C 72.247.856
B49: ANÁLISIS DE PRECIOS UNITARIOS
B50: 09 DE Noviembre 2024 | D50: PROYECTO: ADECUACION DEL CENTRO DE SALUD DE SIMON BOLIVAR MUNICIPIO DE FUNDACION, MAGDALENA
B51: APU | D51: Ciudad | F51: Fundacion
D52: Departamento | F52: Magdalena | G52: Año | H52: 2024
B53: Suministro e instalacion Platina 0.10*0.10 m en lamina HR 1/8" con anclajes de 1/4''.
B55: Unidad : | C55: M2 | G55: Código: | H55: 6.2
B56: I EQUIPO
B57: Descripción | D57: Unidad | E57: Cantidad | F57: D. % | G57: Valor | H57: Valor Parcial
B58: Equipo oxicorte | D58: hr | E58: 0.06 | G58: 16047 | H58: =E58*G58 -> 962.82
B59: Equipo de pintura con compresor | D59: hr | E59: 0.015 | G59: 6934 | H59: =E59*G59 -> 104.01
B60: Herramienta menor 10% M.O. HH | D60: hr | E60: 0.6667 | G60: 5490 | H60: =E60*G60 -> 3660.183
B61: Sub-Total | H61: =ROUND(SUM(H58:H60),2) -> 4727.01
B62: II MATERIALES
B63: Descripción | D63: Unidad | E63: Cantidad | F63: D. % | G63: Valor | H63: Valor Parcial
B64: Acetileno | D64: kg | E64: 0.013 | F64: 5 | G64: 105808 | H64: =E64*G64 -> 1375.504
B65: Anticorrosivo gris/blanco/rojo | D65: gl | E65: 0.0075 | F65: 5 | G65: 74299 | H65: =E65*G65 -> 557.2425
B66: Lamina HR 1/8" | D66: m2 | E66: 0.01 | F66: 5 | G66: 175302 | H66: =E66*G66 -> 1753.02
B67: Oxigeno industrial | D67: m2 | E67: 0.054 | F67: 5 | G67: 15770 | H67: =E67*G67 -> 851.58
B68: Sikagrout 200 * 30 kg | D68: kg | E68: 1.26 | F68: 5 | G68: 8431 | H68: =E68*G68 -> 10623.06
B69: Thinner | D69: gl | E69: 0.0009 | F69: 5 | G69: 39850 | H69: =E69*G69 -> 35.865
H70: =E70*G70 -> 0
B71: Sub-Total | H71: =ROUND(SUM(H64:H70),2) -> 15196.27
B72: III TRANSPORTE
B73: Descripción | D73: Unidad | E73: Cantidad | F73: D. % | G73: Valor | H73: Valor Parcial
B74: Volqueta 5.5 m3 viaje | D74: Vj | E74: 0.0015 | F74: 0 | G74: 90000 | H74: =E74*G74 -> 135
B77: Sub-Total | H77: =H74+H75+H76 -> 135
B78: IV MANO DE OBRA
B79: Descripción | D79: Unidad | E79: Cantidad | F79: D. % | G79: Valor | H79: Valor parcial
B80: Cuadrilla tipo aa | D80: hh | F80: 0 | H80: =G80*E80 -> 0
B81: cuadrilla tipo hh | D81: hh | E81: 0.6667 | G81: 54904 | H81: =G81*E81 -> 36604.497
B82: Sub-Total | H82: =H80+H81 -> 36604.497
G84: TOTAL COSTO DIRECTO | H84: =H77+H82+H71+H61 -> 56662.777
B86: ARQUITECTO
B87: ROSEMBERG GARRIDO NUÑEZ
B88: No. T.P. A08102005-72247856
B89: C.C 72.247.856
B92: ANÁLISIS DE PRECIOS UNITARIOS
B93: 09 DE Noviembre 2024 | D93: PROYECTO: ADECUACION DEL CENTRO DE SALUD DE SIMON BOLIVAR MUNICIPIO DE FUNDACION, MAGDALENA
B94: Codigo de Ref. Homecenter 120509 | D94: Ciudad | F94: Fundacion
D95: Departamento | F95: Magdalena | G95: Año | H95: 2024
B96: Suministro e instalacion Cubierta tipo sandwich 12 x 1m x 18mm - Lamina galvanizada cal. 28 blanco hueso, poliuretano expandido de densidad 38 kg/m3
B98: Unidad : | C98: M2 | G98: Código: | H98: 6.3
B99: I EQUIPO
B100: Descripción | D100: Unidad | E100: Cantidad | F100: D. % | G100: Valor | H100: Valor Parcial
B101: Andamio tubular stand. (inc. tijeras) | D101: hr | E101: 3.27 | G101: 195 | H101: =E101*G101 -> 637.65
B102: Montacarga (3.5 tn) | D102: hr | E102: 0.0042 | G102: 105492 | H102: =E102*G102 -> 443.0664
B103: Herramienta menor 10% M.O. bb | D103: hr | E103: 0.3636 | G103: 5490 | H103: =E103*G103 -> 1996.164
B104: Sub-Total | H104: =ROUND(SUM(H101:H103),2) -> 3076.88
B105: II MATERIALES
B106: Descripción | D106: Unidad | E106: Cantidad | F106: D. % | G106: Valor | H106: Valor Parcial
B107: Clip tipo C de fijacion + tornillo | D107: Un | E107: 2.22 | F107: 5 | G107: 1454 | H107: =E107*G107 -> 3227.88
B108: Cubierta tipo Sandwich - cal, 28 | D108: m2 | E108: 1 | F108: 5 | G108: 182250 | H108: =E108*G108 -> 182250
B109: Poliuretano e = 38 mm | D109: m2 | E109: 1 | F109: 5 | G109: 58250 | H109: =E109*G109 -> 58250
H110: =E110*G110 -> 0
B111: Sub-Total | H111: =ROUND(SUM(H107:H110),2) -> 243727.88
B112: III TRANSPORTE
B113: Descripción | D113: Unidad | E113: Cantidad | F113: D. % | G113: Valor | H113: Valor Parcial
B114: transporte materilaes | D114: Vj | E114: 0.003 | F114: 0 | G114: 90000 | H114: =E114*G114 -> 270
B117: Sub-Total | H117: =H114+H115+H116 -> 270
B118: IV MANO DE OBRA
...

Sheet 7. INSTALACIONES ELECTRICAS
B2: ANÁLISIS DE PRECIOS UNITARIOS
B3: 09 DE Noviembre 2024 | D3: PROYECTO: ADECUACION DEL CENTRO DE SALUD DE SIMON BOLIVAR MUNICIPIO DE FUNDACION, MAGDALENA
B4: APU | D4: Ciudad | F4: Fundacion
D5: Departamento | F5: Magdalena | G5: Año | H5: 2024
B6: Suminstro e instalacion Interruptor
B8: Unidad : | C8: UN | G8: Código: | H8: 7.1
B9: I EQUIPO
B10: Descripción | D10: Unidad | E10: Cantidad | F10: D. % | G10: Valor | H10: Valor Parcial
B11: Herramientas menor 10% M.O B.B | D11: un | E11: 1 | G11: =G28*10/100 -> 3882.065 | H11: =E11*G11 -> 3882.065
B13: Sub-Total | H13: =ROUND(SUM(H11:H12),2) -> 3882.07
B14: II MATERIALES
B15: Descripción | D15: Unidad | E15: Cantidad | F15: D. % | G15: Valor | H15: Valor Parcial
B16: Interruptor | D16: un | E16: 1 | G16: 15800 | H16: =E16*G16 -> 15800
H17: =E17*G17 -> 0
H18: =E18*G18 -> 0
B19: Sub-Total | H19: =ROUND(SUM(H16:H18),2) -> 15800
B20: III TRANSPORTE
B21: Descripción | D21: Unidad | E21: Cantidad | F21: D. % | G21: Valor | H21: Valor Parcial
B22: Transporte | D22: Vj | E22: 0.012 | F22: 0 | G22: 90000 | H22: =E22*G22 -> 1080
B25: Sub-Total | H25: =H22+H23+H24 -> 1080
B26: IV MANO DE OBRA
B27: Descripción | D27: Unidad | E27: Cantidad | F27: D. % | G27: Valor | H27: Valor parcial
B28: Cuadrilla tipo bb | D28: hh | E28: 0.2 | F28: 0 | G28: 38820.65 | H28: =G28*E28 -> 7764.13
H29: =+ROUND(E29*F29*G29,2) -> 0
B30: Sub-Total | H30: =H28+H29 -> 7764.13
G32: TOTAL COSTO DIRECTO | H32: =H25+H30+H19+H13 -> 28526.2
B34: ARQUITECTO
B35: ROSEMBERG GARRIDO NUÑEZ
B36: No. T.P. A08102005-72247856
B37: C.C 72.247.856
B40: ANÁLISIS DE PRECIOS UNITARIOS
B41: 09 DE Noviembre 2024 | D41: PROYECTO: ADECUACION DEL CENTRO DE SALUD DE SIMON BOLIVAR MUNICIPIO DE FUNDACION, MAGDALENA
B42: APU | D42: Ciudad | F42: Fundacion
D43: Departamento | F43: Magdalena | G43: Año | H43: 2024
B44: Suminstro e instalacion Tomaccoriente doble 123v-15a con polo tierra
B46: Unidad : | C46: UN | G46: Código: | H46: 7.2
B47: I EQUIPO
B48: Descripción | D48: Unidad | E48: Cantidad | F48: D. % | G48: Valor | H48: Valor Parcial
B49: Herramientas menor 10% M.O B.B | D49: un | E49: 1 | G49: =G66*10/100 -> 3882.065 | H49: =E49*G49 -> 3882.065
B51: Sub-Total | H51: =ROUND(SUM(H49:H50),2) -> 3882.07
B52: II MATERIALES
B53: Descripción | D53: Unidad | E53: Cantidad | F53: D. % | G53: Valor | H53: Valor Parcial
B54: Interruptor | D54: un | E54: 1 | G54: 18800 | H54: =E54*G54 -> 18800
H55: =E55*G55 -> 0
H56: =E56*G56 -> 0
B57: Sub-Total | H57: =ROUND(SUM(H54:H56),2) -> 18800
B58: III TRANSPORTE
B59: Descripción | D59: Unidad | E59: Cantidad | F59: D. % | G59: Valor | H59: Valor Parcial
B60: Transporte | D60: Vj | E60: 0.012 | F60: 0 | G60: 90000 | H60: =E60*G60 -> 1080
B63: Sub-Total | H63: =H60+H61+H62 -> 1080
B64: IV MANO DE OBRA
B65: Descripción | D65: Unidad | E65: Cantidad | F65: D. % | G65: Valor | H65: Valor parcial
B66: Cuadrilla tipo bb | D66: hh | E66: 0.2 | F66: 0 | G66: 38820.65 | H66: =G66*E66 -> 7764.13
H67: =+ROUND(E67*F67*G67,2) -> 0
B68: Sub-Total | H68: =H66+H67 -> 7764.13
G70: TOTAL COSTO DIRECTO | H70: =H63+H68+H57+H51 -> 31526.2
B72: ARQUITECTO
B73: ROSEMBERG GARRIDO NUÑEZ
B74: No. T.P. A08102005-72247856
B75: C.C 72.247.856
B78: ANÁLISIS DE PRECIOS UNITARIOS
B79: 09 DE Noviembre 2024 | D79: PROYECTO: ADECUACION DEL CENTRO DE SALUD DE SIMON BOLIVAR MUNICIPIO DE FUNDACION, MAGDALENA
B80: Codigo de Ref. Homecenter 673756 | D80: Ciudad | F80: Fundacion
D81: Departamento | F81: Magdalena | G81: Año | H81: 2024
B82: Suministro e instalacion Luminaria tipo panel led 60x60 cm, 110 V. 40w, Incluye: cable encauchetado 3x16 AWG, clavija de caucho y elementos de fijación
B84: Unidad : | C84: UN | G84: Código: | H84: 7.3
B85: I EQUIPO
B86: Descripción | D86: Unidad | E86: Cantidad | F86: D. % | G86: Valor | H86: Valor Parcial
B87: Herramientas menor 10% M.O B.B | D87: un | E87: 1 | G87: =G105*10/100 -> 3882.065 | H87: =E87*G87 -> 3882.065
B90: Sub-Total | H90: =ROUND(SUM(H87:H89),2) -> 3882.07
B91: II MATERIALES
B92: Descripción | D92: Unidad | E92: Cantidad | F92: D. % | G92: Valor | H92: Valor Parcial
B93: Luminaria panel led | D93: un | E93: 1 | G93: 169900 | H93: =E93*G93 -> 169900
B94: Kit para colgar | D94: un | E94: 1 | G94: 15500 | H94: =E94*G94 -> 15500
B95: Conector terminal n.12 | D95: un | E95: 3 | G95: 496 | H95: =E95*G95 -> 1488
B96: Sub-Total | H96: =ROUND(SUM(H93:H95),2) -> 186888
B97: III TRANSPORTE
B98: Descripción | D98: Unidad | E98: Cantidad | F98: D. % | G98: Valor | H98: Valor Parcial
B99: Transporte | D99: Vj | E99: 0.012 | F99: 0 | G99: 90000 | H99: =E99*G99 -> 1080
B102: Sub-Total | H102: =H99+H100+H101 -> 1080
B103: IV MANO DE OBRA
B104: Descripción | D104: Unidad | E104: Cantidad | F104: D. % | G104: Valor | H104: Valor parcial
B105: Cuadrilla tipo bb | D105: hh | E105: 0.4 | F105: 0 | G105: 38820.65 | H105: =G105*E105 -> 15528.26
H106: =+ROUND(E106*F106*G106,2) -> 0
B107: Sub-Total | H107: =H105+H106 -> 15528.26
G109: TOTAL COSTO DIRECTO | H109: =H102+H107+H96+H90 -> 207378.33
B111: ARQUITECTO
B112: ROSEMBERG GARRIDO NUÑEZ
B113: No. T.P. A08102005-72247856
B114: C.C 72.247.856
B117: ANÁLISIS DE PRECIOS UNITARIOS
B118: 09 DE Noviembre 2024 | D118: PROYECTO: ADECUACION DEL CENTRO DE SALUD DE SIMON BOLIVAR MUNICIPIO DE FUNDACION, MAGDALENA
B119: Codigo de Ref. Homecenter 630496 | D119: Ciudad | F119: Fundacion
D120: Departamento | F120: Magdalena | G120: Año | H120: 2024
B121: Suministro e instalacion Modulo LED redondo 24W, 110 V de incrustar. Incluye: cable encauchetado 3x16 AWG, clavija de caucho y elementos de fijac
B123: Unidad : | C123: UN | G123: Código: | H123: 7.4
B124: I EQUIPO
B125: Descripción | D125: Unidad | E125: Cantidad | F125: D. % | G125: Valor | H125: Valor Parcial
B126: Herramientas menor 10% M.O B.B | D126: un | E126: 0.4 | G126: =G144*10/100 -> 3882.065 | H126: =E126*G126 -> 1552.826
B129: Sub-Total | H129: =ROUND(SUM(H126:H128),2) -> 1552.83
...

Sheet 8. CARPINTERIA METALICA
B2: ANÁLISIS DE PRECIOS UNITARIOS
B3: 09 DE Noviembre 2024 | D3: PROYECTO: ADECUACION DEL CENTRO DE SALUD DE SIMON BOLIVAR MUNICIPIO DE FUNDACION, MAGDALENA
B4: Codigo de Ref. Sispac 151033 | D4: Ciudad | F4: Fundacion
D5: Departamento | F5: Magdalena | G5: Año | H5: 2024
B6: Suministro e instalacion Ventana aluminio corrediza con vidrio templado 5 mm.
B8: Unidad : | C8: M2 | G8: Código: | H8: 8.1
B9: I EQUIPO
B10: Descripción | D10: Unidad | E10: Cantidad | F10: D. % | G10: Valor | H10: Valor Parcial
B11: Heramientas menor 10% M.O D.D | D11: di | E11: 0.4 | G11: =G27*10/100 -> 4058.523 | H11: =E11*G11 -> 1623.4092
H12: =+ROUND(F12*G12,2) -> 0
B13: Sub-Total | H13: =ROUND(SUM(H11:H12),2) -> 1623.41
B14: II MATERIALES
B15: Descripción | D15: Unidad | E15: Cantidad | F15: D. % | G15: Valor | H15: Valor Parcial
B16: Ventana 2 x 1 x 2h | D16: un | E16: 1 | F16: 5 | G16: 260000 | H16: =E16*G16 -> 260000
H17: =E17*G17 -> 0
B18: Sub-Total | H18: =ROUND(SUM(H16:H17),2) -> 260000
B19: III TRANSPORTE
B20: Descripción | D20: Unidad | E20: Cantidad | F20: D. % | G20: Valor | H20: Valor Parcial
B21: Volqueta 5.5 m3 viaje | D21: Vj | E21: 0.002 | F21: 0 | G21: 90000 | H21: =E21*G21 -> 180
B24: Sub-Total | H24: =H21+H22+H23 -> 180
B25: IV MANO DE OBRA
B26: Descripción | D26: Unidad | E26: Cantidad | F26: D. % | G26: Valor | H26: Valor parcial
B27: Cuadrilla tipo dd | D27: hh | E27: 1.2 | F27: 0 | G27: 40585.23 | H27: =G27*E27 -> 48702.276
H28: =+ROUND(E28*F28*G28,2) -> 0
B29: Sub-Total | H29: =H27+H28 -> 48702.276
G31: TOTAL COSTO DIRECTO | H31: =H24+H29+H18+H13 -> 310505.69
B33: ARQUITECTO
B34: ROSEMBERG GARRIDO NUÑEZ
B35: No. T.P. A08102005-72247856
B36: C.C 72.247.856
B39: ANÁLISIS DE PRECIOS UNITARIOS
B40: 09 DE Noviembre 2024 | D40: PROYECTO: ADECUACION DEL CENTRO DE SALUD DE SIMON BOLIVAR MUNICIPIO DE FUNDACION, MAGDALENA
B41: APU | D41: Ciudad | F41: Fundacion
D42: Departamento | F42: Magdalena | G42: Año | H42: 2024
B43: Suministro e instalacion Puerta en aluminio con vidrio incoloro 4 mm.
B45: Unidad : | C45: M2 | G45: Código: | H45: 8.2
B46: I EQUIPO
B47: Descripción | D47: Unidad | E47: Cantidad | F47: D. % | G47: Valor | H47: Valor Parcial
B48: Heramientas menor 10% M.O D.D | D48: di | E48: 1.6 | G48: =G64*10/100 -> 4058.523 | H48: =E48*G48 -> 6493.6368
H49: =+ROUND(F49*G49,2) -> 0
B50: Sub-Total | H50: =ROUND(SUM(H48:H49),2) -> 6493.64
B51: II MATERIALES
B52: Descripción | D52: Unidad | E52: Cantidad | F52: D. % | G52: Valor | H52: Valor Parcial
B53: Puerta chapada en aluminio y vidrio 4 mm parte superior incluye chapa | D53: m2 | E53: 1 | F53: 5 | G53: 342283 | H53: =E53*G53 -> 342283
H54: =E54*G54 -> 0
B55: Sub-Total | H55: =ROUND(SUM(H53:H54),2) -> 342283
B56: III TRANSPORTE
B57: Descripción | D57: Unidad | E57: Cantidad | F57: D. % | G57: Valor | H57: Valor Parcial
B58: Volqueta 5.5 m3 viaje | D58: Vj | E58: 0.003 | F58: 0 | G58: 90000 | H58: =E58*G58 -> 270
B61: Sub-Total | H61: =H58+H59+H60 -> 270
B62: IV MANO DE OBRA
B63: Descripción | D63: Unidad | E63: Cantidad | F63: D. % | G63: Valor | H63: Valor parcial
B64: Cuadrilla tipo dd | D64: hh | E64: 1.6 | F64: 0 | G64: 40585.23 | H64: =G64*E64 -> 64936.368
H65: =+ROUND(E65*F65*G65,2) -> 0
B66: Sub-Total | H66: =H64+H65 -> 64936.368
G68: TOTAL COSTO DIRECTO | H68: =H61+H66+H55+H50 -> 413983.01
B70: ARQUITECTO
B71: ROSEMBERG GARRIDO NUÑEZ
B72: No. T.P. A08102005-72247856
B73: C.C 72.247.856

Sheet 9. ASEO GENERAL
B2: ANÁLISIS DE PRECIOS UNITARIOS
B3: 09 DE Noviembre 2024 | D3: PROYECTO: ADECUACION DEL CENTRO DE SALUD DE SIMON BOLIVAR MUNICIPIO DE FUNDACION, MAGDALENA
B4: APU | D4: Ciudad | F4: Fundacion
D5: Departamento | F5: Magdalena | G5: Año | H5: 2024
B6: Aseo general entrega final
B8: Unidad : | C8: M2 | G8: Código: | H8: 9.1
B9: I EQUIPO
B10: Descripción | D10: Unidad | E10: Cantidad | F10: D. % | G10: Valor | H10: Valor Parcial
B11: Heramientas menor 10% M.O D.D | D11: di | E11: 0.2 | G11: =G27*5/100 -> 1764.575 | H11: =E11*G11 -> 352.915
H12: =+ROUND(F12*G12,2) -> 0
B13: Sub-Total | H13: =ROUND(SUM(H11:H12),2) -> 352.92
B14: II MATERIALES
B15: Descripción | D15: Unidad | E15: Cantidad | F15: D. % | G15: Valor | H15: Valor Parcial
H16: =E16*G16 -> 0
H17: =E17*G17 -> 0
B18: Sub-Total | H18: =ROUND(SUM(H16:H17),2) -> 0
B19: III TRANSPORTE
B20: Descripción | D20: Unidad | E20: Cantidad | F20: D. % | G20: Valor | H20: Valor Parcial
B21: Volqueta 5.5 m3 viaje | D21: Vj | E21: 0.004 | F21: 0 | G21: 90000 | H21: =E21*G21 -> 360
B24: Sub-Total | H24: =H21+H22+H23 -> 360
B25: IV MANO DE OBRA
B26: Descripción | D26: Unidad | E26: Cantidad | F26: D. % | G26: Valor | H26: Valor parcial
B27: Cuadrilla tipo aa | D27: hh | E27: 0.09 | F27: 0 | G27: 35291.5 | H27: =G27*E27 -> 3176.235
H28: =+ROUND(E28*F28*G28,2) -> 0
B29: Sub-Total | H29: =H27+H28 -> 3176.235
G31: TOTAL COSTO DIRECTO | H31: =H24+H29+H18+H13 -> 3889.155
B33: ARQUITECTO
B34: ROSEMBERG GARRIDO NUÑEZ
B35: No. T.P. A08102005-72247856
B36: C.C 72.247.856

Sheet 10. EQUIPOS FIJOS HOSPITALARIOS
B2: ANÁLISIS DE PRECIOS UNITARIOS
B3: 09 DE Noviembre 2024 | D3: PROYECTO: ADECUACION DEL PUESTO DE SALUD DE SIMON BOLIVAR EN EL MUNICIPIO DE FUNDACION, MAGDALENA
B4: Codigo de Ref. Homecenter 631316 | D4: Ciudad | F4: Fundacion
D5: Departamento | F5: Magdalena | G5: Año | H5: 2024
B6: Suministro de equipo Aire Minisplit inverter consola de pared R410a, 12000 Btu/Hr, Monofasica 220/2/60. incluye: ( Undad Interna y condensadora del mismo fabricante Bases Antivibratorias en neopreno, Suministro, Izada, Instalacion y Pruebas )
B8: Unidad : | C8: UN | G8: Código: | H8: 10.1
B9: I EQUIPO
B10: Descripción | D10: Unidad | E10: Cantidad | F10: D. % | G10: Valor | H10: Valor Parcial
B11: Heramientas menor 10% M.O b.b | D11: di | E11: 0.5 | G11: =G27*10/100 -> 3882.065 | H11: =E11*G11 -> 1941.0325
H12: =+ROUND(F12*G12,2) -> 0
B13: Sub-Total | H13: =ROUND(SUM(H11:H12),2) -> 1941.03
B14: II MATERIALES
B15: Descripción | D15: Unidad | E15: Cantidad | F15: D. % | G15: Valor | H15: Valor Parcial
B16: Aire Acondicionado Inverter Deluxe 12.000 Btu 220V AR12CVFZAWK/CB | D16: un | E16: 1 | G16: 2499900 | H16: =E16*G16 -> 2499900
H17: =E17*G17 -> 0
B18: Sub-Total | H18: =ROUND(SUM(H16:H17),2) -> 2499900
B19: III TRANSPORTE
B20: Descripción | D20: Unidad | E20: Cantidad | F20: D. % | G20: Valor | H20: Valor Parcial
B21: Volqueta 5.5 m3 viaje | D21: Vj | E21: 0.004 | F21: 0 | G21: 90000 | H21: =E21*G21 -> 360
B24: Sub-Total | H24: =H21+H22+H23 -> 360
B25: IV MANO DE OBRA
B26: Descripción | D26: Unidad | E26: Cantidad | F26: D. % | G26: Valor | H26: Valor parcial
B27: Cuadrilla tipo bb | D27: hh | E27: 2.5 | F27: 0 | G27: 38820.65 | H27: =G27*E27 -> 97051.625
H28: =+ROUND(E28*F28*G28,2) -> 0
B29: Sub-Total | H29: =H27+H28 -> 97051.625
G31: TOTAL COSTO DIRECTO | H31: =H24+H29+H18+H13 -> 2599252.7
B33: ARQUITECTO
B34: ROSEMBERG GARRIDO NUÑEZ
B35: No. T.P. A08102005-72247856
B36: C.C 72.247.856
B39: ANÁLISIS DE PRECIOS UNITARIOS
B40: 09 DE Noviembre 2024 | D40: PROYECTO: ADECUACION DEL PUESTO DE SALUD DE SIMON BOLIVAR EN EL MUNICIPIO DE FUNDACION, MAGDALENA
B41: Codigo de Ref. Homecenter 631313 | D41: Ciudad | F41: Fundacion
D42: Departamento | F42: Magdalena | G42: Año | H42: 2024
B43: Suministro de equipo Aire Minisplit inverter consola de pared R410a, 12000 Btu/Hr, Monofasica 220/2/60. incluye: ( Undad Interna y condensadora del mismo fabricante Bases Antivibratorias en neopreno, Suministro, Izada, Instalacion y Pruebas )
B45: Unidad : | C45: UN | G45: Código: | H45: 10.2
B46: I EQUIPO
B47: Descripción | D47: Unidad | E47: Cantidad | F47: D. % | G47: Valor | H47: Valor Parcial
B48: Heramientas menor 10% M.O b.b | D48: di | E48: 0.5 | G48: =G64*10/100 -> 3882.065 | H48: =E48*G48 -> 1941.0325
H49: =+ROUND(F49*G49,2) -> 0
B50: Sub-Total | H50: =ROUND(SUM(H48:H49),2) -> 1941.03
B51: II MATERIALES
B52: Descripción | D52: Unidad | E52: Cantidad | F52: D. % | G52: Valor | H52: Valor Parcial
B53: Aire Acondicionado WindFree 18.000 BTU 220V AR18CVFCMWK/CB | D53: un | E53: 1 | G53: 3249900 | H53: =E53*G53 -> 3249900
H54: =E54*G54 -> 0
B55: Sub-Total | H55: =ROUND(SUM(H53:H54),2) -> 3249900
B56: III TRANSPORTE
B57: Descripción | D57: Unidad | E57: Cantidad | F57: D. % | G57: Valor | H57: Valor Parcial
B58: Volqueta 5.5 m3 viaje | D58: Vj | E58: 0.004 | F58: 0 | G58: 90000 | H58: =E58*G58 -> 360
B61: Sub-Total | H61: =H58+H59+H60 -> 360
B62: IV MANO DE OBRA
B63: Descripción | D63: Unidad | E63: Cantidad | F63: D. % | G63: Valor | H63: Valor parcial
B64: Cuadrilla tipo bb | D64: hh | E64: 2.5 | F64: 0 | G64: 38820.65 | H64: =G64*E64 -> 97051.625
H65: =+ROUND(E65*F65*G65,2) -> 0
B66: Sub-Total | H66: =H64+H65 -> 97051.625
G68: TOTAL COSTO DIRECTO | H68: =H61+H66+H55+H50 -> 3349252.7
B70: ARQUITECTO
B71: ROSEMBERG GARRIDO NUÑEZ
B72: No. T.P. A08102005-72247856
B73: C.C 72.247.856
